Map: Ever Dream LE

Players

soul - Winner!

  • Race: Terran Terran
  • League: Grandmaster
  • Spawn Location: 7:00

HellraiseR

  • Race: Protoss Protoss
  • League: Grandmaster
  • Spawn Location: 1:00

Event: DreamHack SC2 Masters 2020 Summer Europe

VOD

Have the link to the VOD?

Description

Time

  • Played on: July 3, 2020, 12:57 p.m.
  • Length: 9:31

All games in this series

Show
View Real Time Build Order
Export as new Build Order

soul Terran - Winner!

Build Orders: Liberator Opening, Reaper Expand 

Get SALT Encoding   

  12  0:00  SCV  
  13  0:13  SCV  
  14  0:17  Supply Depot  
  14  0:25  SCV  
  15  0:38  SCV  
  15  0:40  Barracks  
  16  0:43  Refinery  
  16  0:50  SCV  
  17  1:02  SCV  
  18  1:14  SCV  
  19  1:27  Reaper, Orbital Command  
  20  1:39  Command Center  
  20  1:47  Supply Depot  
  20  1:55  Bunker  
  20  1:57  SCV  
  20  2:00  Marine  
  22  2:10  Factory  
  22  2:13  SCV  
  23  2:17  Refinery  
  23  2:20  Barracks Reactor  
  23  2:25  SCV  
  24  2:37  SCV  
  25  2:51  SCV  
  25  2:52  Orbital Command  
  25  2:55  Starport  
  25  2:57  Marine x2  
  28  2:58  Factory Tech Lab  
  28  3:03  SCV  
  29  3:15  Marine x2  
  29  3:16  SCV  
  29  3:19  SCV, Cyclone  
  36  3:28  SCV  
  36  3:30  Refinery  
  36  3:32  Marine  
  36  3:33  Marine  
  39  3:35  SCV, Supply Depot  
  39  3:38  Viking  
  42  3:42  Supply Depot  
  42  3:44  SCV  
  42  3:47  SCV  
  44  3:50  Marine x2  
  46  3:56  Siege Tank  
  46  3:58  SCV  
  50  4:04  SCV, Supply Depot  
  51  4:10  Liberator  
  51  4:13  Marine x2  
  51  4:15  SCV  
  57  4:18  SCV  
  58  4:27  SCV  
  58  4:30  SCV, Siege Tank  
  58  4:31  Marine  
  62  4:32  Marine  
  64  4:39  SCV  
  64  4:42  Supply Depot  
  64  4:43  Supply Depot  
  65  4:47  SCV  
  65  4:49  Marine  
  67  4:53  Viking  
  67  4:55  Marine  
  70  5:00  Supply Depot  
  70  5:02  Supply Depot  
  70  5:04  SCV x2  
  72  5:16  SCV x2  
  72  5:18  Command Center  
  72  5:21  Bunker  
  74  5:26  Siege Tank  
  74  5:27  Marine  
  74  5:28  SCV x2  
  78  5:37  Refinery  
  78  5:40  SCV  
  78  5:42  Marine, Starport Tech Lab  
  80  5:44  SCV  
  77  5:54  Barracks x2  
  77  5:55  Marine  
  77  5:56  SCV  
  67  5:58  Siege Tank  
  67  6:01  SCV  
  67  6:03  Marine  
  67  6:08  SCV  
  65  6:13  Marine  
  65  6:14  SCV  
  67  6:19  Starport Reactor  
  67  6:20  Engineering Bay  
  67  6:21  Engineering Bay, Marine  
  67  6:25  Barracks  
  68  6:29  SCV x2, Barracks  
  68  6:30  Orbital Command  
  68  6:31  Marine  
  71  6:39  Marine  
  72  6:41  SCV  
  72  6:47  Supply Depot, Terran Infantry Weapons Level 1, Terran Infantry Armor Level 1  
  73  6:49  Stimpack  
  73  6:51  Factory Reactor  
  73  6:52  Orbital Command  
  73  6:53  Combat Shield  
  73  6:57  Marauder, Marine  
  73  7:00  SCV x2  
  78  7:04  Marauder, Marine  
  78  7:07  Medivac  
  83  7:09  Medivac  
  83  7:12  SCV  
  83  7:13  Barracks Reactor  
  86  7:16  Missile Turret  
  86  7:18  Barracks Tech Lab  
  86  7:19  SCV x2  
  88  7:24  SCV  
  88  7:26  Marauder, Marine  
  88  7:27  Marauder  
  94  7:32  Armory, SCV  
  94  7:33  SCV  
  94  7:36  Marauder, Marine  
  99  7:39  Concussive Shells, Medivac x2  
  103  7:44  Marine  
  103  7:48  Marauder x2  
  103  7:49  SCV x2  
  110  7:52  Marine x2  
  110  7:53  Marine  
  110  7:54  SCV  
  110  7:58  Marauder  
  116  8:00  Supply Depot  
  116  8:01  Supply Depot  
  116  8:02  Supply Depot, Marine  
  116  8:04  Widow Mine x2  
  121  8:09  Marauder x2  
  121  8:10  Marine  
  121  8:12  Medivac  
  127  8:15  Refinery  
  127  8:16  Marine  
  127  8:17  Marine  
  127  8:19  Marauder  
  131  8:20  Marine  
  131  8:22  Medivac  
  134  8:31  Marauder x2, Marine  
  139  8:34  Marine  
  139  8:38  Marine  
  139  8:40  Marauder  
  143  8:42  Medivac  
  143  8:45  Marine  
  146  8:49  Marine  
  146  8:52  Medivac, Marauder, Supply Depot  
  146  8:53  Supply Depot, Marauder, Marine  
  154  8:57  Marine  
  154  9:02  Marauder, Marine  
  154  9:07  Marine  
  150  9:21  Command Center  
Show
View Real Time Build Order
Export as new Build Order

HellraiseR Protoss 

Build Orders: 1 Gate Expand, Phoenix Opening, Colossus Rush 

Get SALT Encoding   

  12  0:01  Probe  
  13  0:13  Probe  
  14  0:17  Pylon  
  14  0:23  Probe  
  15  0:31  Probe  
  16  0:36  Gateway  
  16  0:39  Probe  
  16  0:45  Assimilator  
  17  0:51  Probe  
  18  1:03  Probe  
  19  1:16  Probe  
  20  1:23  Cybernetics Core  
  20  1:32  Nexus  
  20  1:34  Probe  
  21  1:41  Pylon  
  21  1:46  Probe  
  22  1:50  Assimilator  
  22  1:57  Probe, Adept  
  25  2:05  Probe  
  25  2:13  Probe  
  26  2:21  Stargate  
  27  2:25  Probe  
  28  2:30  Stalker  
  31  2:37  Probe  
  31  2:41  Probe, Warp Gate  
  31  2:49  Probe x2  
  34  2:59  Probe, Phoenix  
  34  3:01  Probe  
  38  3:11  Probe  
  39  3:13  Probe  
  39  3:19  Robotics Facility  
  40  3:23  Probe  
  40  3:25  Probe, Assimilator  
  42  3:27  Assimilator  
  42  3:33  Phoenix  
  42  3:35  Probe, Pylon  
  42  3:37  Probe  
  42  3:39  Pylon  
  46  3:50  Phoenix  
  46  3:53  Probe x2  
  48  3:56  Pylon  
  50  4:05  Probe x2  
  52  4:10  Pylon  
  52  4:11  Robotics Bay  
  52  4:17  Probe x2  
  52  4:21  Phoenix  
  56  4:29  Nexus  
  56  4:30  Observer  
  57  4:32  Probe x2  
  57  4:48  Phoenix  
  57  4:49  Colossus  
  57  4:50  Probe x2  
  57  4:51  Shield Battery  
  61  4:59  Gateway x2  
  67  5:08  Probe  
  67  5:09  Probe  
  69  5:17  Gateway  
  69  5:20  Probe  
  69  5:21  Probe, Phoenix  
  73  5:25  Stalker  
  75  5:34  Probe, Colossus  
  70  5:37  Probe  
  73  5:57  Probe  
  70  5:58  Probe  
  63  6:05  Stalker x2  
  63  6:06  Stalker  
  63  6:10  Probe  
  61  6:19  Zealot  
  61  6:22  Observer  
  61  6:24  Extended Thermal Lance  
  63  6:30  Probe x2  
  66  6:33  Nexus  
  66  6:34  Pylon  
  66  6:41  Forge  
  66  6:42  Twilight Council, Warp Prism  
  66  6:43  Probe  
  66  6:45  Probe  
  70  6:55  Probe  
  70  6:57  Probe, Protoss Ground Weapons Level 1  
  72  7:07  Probe, Pylon  
  73  7:08  Charge  
  73  7:09  Probe  
  73  7:12  Colossus  
  73  7:13  Shield Battery  
  73  7:14  Pylon  
  74  7:19  Probe  
  74  7:22  Probe  
  76  7:27  Pylon  
  76  7:29  Gateway x2  
  76  7:31  Probe  
  76  7:34  Probe  
  84  7:39  Zealot x2  
  84  7:40  Zealot  
  90  7:47  Gateway  
  90  7:48  Gateway  
  90  7:58  Templar Archives  
  90  7:59  Assimilator  
  90  8:00  Probe x2  
  90  8:01  Probe, Assimilator  
  93  8:05  Zealot  
  93  8:07  Zealot  
  93  8:09  Observer  
  93  8:12  Probe x2  
  100  8:13  Probe  
  101  8:20  Zealot x2  
  101  8:24  Probe x2  
  101  8:25  Zealot  
  101  8:26  Pylon, Zealot x2  
  113  8:30  Observer  
  113  8:33  Pylon  
  114  8:46  Pylon  
  114  8:48  Pylon  
  114  8:52  Zealot  
  114  8:53  Zealot x5  
  114  8:54  Zealot  
  128  9:02  Probe  
  126  9:03  Stalker  
  126  9:04  Probe  
  126  9:07  Probe  
  123  9:14  Zealot x3  
  123  9:15  Zealot  
  123  9:16  Zealot  
  114  9:24  Stalker x2  
Tags
 
Add a new tag
Caveats
  • Supply blocks, unpowered buildings, or Contaminate may cause inaccurate times.
  • Supply counts are checked every 10 seconds.